 Dungeon Crawl Stone Soup version 0.24-a0-365-ga4d96b6e6e (webtiles) character file.

Game seed: 172403297215039682

7557 mopl the Spear-Bearer (level 11, -8/76 (78) HPs)
             Began as a Merfolk Abyssal Knight on May 27, 2019.
             Was the Champion of Lugonu.
             Mangled by a two-headed ogre
             ... wielding a +0 giant club
              (24 damage)
             ... on level 10 of the Dungeon.
             The game lasted 00:23:17 (11989 turns).

mopl the Spear-Bearer (Merfolk Abyssal Knight)     Turns: 11989, Time: 00:23:20

HP:   -8/76 (78)    AC:  7    Str: 14    XL:     11   Next: 17%
MP:   19/19         EV: 13    Int: 15    God:    Lugonu [******]
Gold: 648           SH:  0    Dex: 17    Spells: 10/10 levels left

rFire    + . .     SeeInvis +   b - +9 heavy crossbow "Sniper" {velocity, Acc+∞ SInv}
rCold    . . .     Gourm    .   (shield currently unavailable)
rNeg     . . .     Faith    .   N - +2 leather armour {rF+}
rPois    .         Spirit   .   q - +0 helmet
rElec    .         Reflect  .   (no cloak)
rCorr    .         Harm     .   (no gloves)
MR       ++...                  (no boots)
Stlth    +.........             h - amulet of rage
HPRegen  0.22/turn              T - ring "Pawasamn" {MR+ Int+3}
MPRegen  0.16/turn              G - ring "Teme" {MR+ AC+1 Dex+2, =R}

@: no status effects
A: change form in water, swift swim, stealthy swim
a: Depart the Abyss, Bend Space, Banish, Corrupt, Enter the Abyss, Brand Weapon
With Distortion, Renounce Religion, Evoke Berserk Rage


You were on level 10 of the Dungeon.
You worshipped Lugonu.
Lugonu was exalted by your worship.
You were not hungry.

You visited 1 branch of the dungeon, and saw 10 of its levels.
You visited the Abyss 1 time.
You also visited: Sewer.

You collected 648 gold pieces.

Inventory:

Hand Weapons
 a - a +1 spear
 b - the +9 heavy crossbow "Sniper" (weapon) {velocity, Acc+∞ SInv}
   (You found it on level 8 of the Dungeon)

   Any bolt fired from it inflicts extra damage.
   It lets you see invisible.
 K - a +1 dagger of electrocution
 M - a +0 halberd
 P - a +2 hand axe of flaming
Missiles
 g - 5 javelins
 k - 42 poisoned darts
 C - 3 atropa-tipped darts
 D - 4 silver boomerangs
 H - 11 boomerangs
 O - 4 curare-tipped darts
 Q - 62 bolts (quivered)
Armour
 q - a +0 helmet (worn)
 J - a +1 chain mail of cold resistance
 N - a +2 leather armour of fire resistance (worn)
Jewellery
 f - a +1 ring of protection
 h - an amulet of rage (around neck)
 v - an uncursed ring of magical power
 G - the ring "Teme" (right hand) {MR+ AC+1 Dex+2, =R}
   (You found it on level 6 of the Dungeon)

   [ring of protection]

   It affects your AC (+1).
   It affects your dexterity (+2).
   It affects your resistance to hostile enchantments.
 T - the ring "Pawasamn" (left hand) {MR+ Int+3}
   (You found it on level 9 of the Dungeon)

   [ring of intelligence]

   It affects your intelligence (+3).
   It affects your resistance to hostile enchantments.
Wands
 d - a wand of iceblast (9)
 y - a wand of paralysis (4)
 A - a wand of flame (5)
 I - a wand of clouds (11)
 S - a wand of enslavement (8)
Scrolls
 e - 7 scrolls of teleportation {unknown}
 m - 3 scrolls of enchant armour {unknown}
 n - 2 scrolls of magic mapping {unknown}
 o - 6 scrolls of remove curse {unknown}
 r - a scroll of random uselessness {unknown}
 t - a scroll of fear {unknown}
 u - 2 scrolls of amnesia {unknown}
 x - 3 scrolls of fog {unknown}
 B - 2 scrolls of summoning {unknown}
 L - a scroll of vulnerability {unknown}
 U - a scroll of brand weapon {unknown}
 V - a scroll of identify
Potions
 i - 2 potions of magic
 j - a potion of berserk rage {!q}
 l - a potion of resistance
 p - 2 potions of agility
 s - a potion of lignification {!q}
 w - a potion of haste
 z - 5 potions of curing
 E - 5 potions of heal wounds
 F - 4 potions of flight
Comestibles
 c - 24 rations
 R - 2 chunks of flesh


   Skills:
 + Level 4.5 Fighting
 + Level 14.2 Polearms
 + Level 0.9 Crossbows
 + Level 5.8 Throwing
 - Level 0.6 Armour
 - Level 2.6 Dodging
 + Level 11.2 Invocations
 + Level 5.1 Evocations


You had 10 spell levels left.
You didn't know any spells.
Your spell library was empty.

Dungeon Overview and Level Annotations

Branches:
Dungeon (10/15)            Temple (0/1) D:7
   Lair: D:8-11         Orc: D:9-12

Altars:
Ashenzari
Dithmenos
Gozag
Kikubaaqudgha
Okawaru
Qazlal
Ru
Sif Muna
Uskayaw
Vehumet
Yredelemnul
Zin
The Shining One
Beogh

Shops:
D:5 }   D:10 [


Message History

Firing (i - inventory. (/) - cycle)
Q - 64 bolts (quivered)
Press: ? - help, Shift-Dir - straight line, f/p - two-headed ogre
Aim: a two-headed ogre, wielding a +0 giant club and a +0 giant spiked club (heavily wounded)
You shoot a bolt. The bolt hits the two-headed ogre!
The two-headed ogre is almost dead.
The two-headed ogre hits you but does no damage.
The two-headed ogre hits you with a +0 giant spiked club!!
The two-headed ogre hits you with a +0 giant club!
The two-headed ogre hits you with a +0 giant spiked club!
You are too injured to fight recklessly!
Firing (i - inventory. (/) - cycle)
Q - 63 bolts (quivered)
Press: ? - help, Shift-Dir - straight line, f/p - two-headed ogre
Aim: a two-headed ogre, wielding a +0 giant club and a +0 giant spiked club (almost dead)
You shoot a bolt. The bolt hits the two-headed ogre.
The two-headed ogre is almost dead.
The two-headed ogre hits you with a +0 giant club!!
* * * LOW HITPOINT WARNING * * *
The two-headed ogre closely misses you. The iguana barely misses you.
The two-headed ogre hits you with a +0 giant club!!
You die...

#.......((.
#..........
#..........
#....(((...
#..../.....
#..........
#...O......
#..@l.....<
#..######## #..#
#..# #..# #.
#..#########.#######
#...................
#....)..............
#..#########........


You could see a two-headed ogre and an iguana.

Vanquished Creatures
  A hydra (D:8)
  Pikel (D:4)
  Psyche (D:9)
  2 dream sheep (D:8)
  A hippogriff (D:8)
  A wyvern (D:8)
  2 yaks (D:8)
  A steam dragon (D:10)
  A hungry ghost (D:8)
  5 orc warriors
  2 phantoms
  4 ice beasts
  4 slaves (D:4)
  4 black bears
  2 sky beasts
  3 ogres
  A necrophage (D:7)
  2 centaurs
  4 big kobolds
  3 bullfrogs
  A scorpion (D:10)
  A water moccasin zombie (D:7)
  4 killer bees (D:7)
  3 howler monkeys
  5 crimson imps
  A centaur zombie (D:8)
  2 bullfrog zombies
  A hound (D:5)
  A jelly (D:8)
  A gnoll shaman (D:5)
  9 orc priests
  4 bullfrog skeletons
  2 centaur skeletons
  13 orc wizards
  3 iguanas
  5 worker ants
  3 hound zombies
  2 hound skeletons
  Robin (D:3)
  9 gnolls
  12 adders
  A river rat (D:6)
  4 shadow imps
  8 worms
  4 dart slugs
  6 leopard geckos
  64 orcs
  2 ball pythons
  5 bats
  2 bat zombies (D:8)
  10 giant cockroaches
  16 goblins
  9 hobgoblins
  12 jackals
  8 quokkas
  2 frilled lizards
  11 kobolds
  A leopard gecko zombie (D:5)
  12 rats
  2 rat zombies (D:8)
307 creatures vanquished.

Vanquished Creatures (others)
  A goblin (D:3)
1 creature vanquished.

Grand Total: 308 creatures vanquished

Notes
Turn   | Place    | Note
-------+----------+-------------------------------------------
     0 | Abyss:1  | mopl the Merfolk Abyssal Knight began the quest for the
                  | Orb.
     0 | Abyss:1  | Reached XP level 1. HP: 18/18 MP: 2/2
    26 | Abyss:1  | Found an iron altar of Okawaru.
    47 | D:1      | Escaped the Abyss
   175 | D:2      | Found a faded altar of an unknown god.
   202 | D:1      | Reached XP level 2. HP: 11/24 MP: 3/3
   465 | D:2      | Reached skill level 4 in Polearms
   479 | D:2      | Reached XP level 3. HP: 28/29 MP: 5/5
   497 | D:2      | Reached skill level 3 in Invocations
   561 | D:1      | Reached ** piety under Lugonu
   901 | D:1      | Reached XP level 4. HP: 35/35 MP: 6/6
  1030 | D:2      | Found a hide-covered altar of Uskayaw.
  1087 | D:2      | Reached skill level 1 in Evocations
  1126 | D:2      | Found a deep blue altar of Sif Muna.
  1509 | D:3      | Noticed Robin
  1522 | D:3      | Reached skill level 5 in Polearms
  1528 | D:3      | Killed Robin
  1539 | D:3      | Reached *** piety under Lugonu
  1549 | D:3      | Reached XP level 5. HP: 6/41 MP: 7/7
  2250 | D:3      | Reached skill level 2 in Evocations
  2325 | D:3      | Reached skill level 4 in Invocations
  2850 | D:4      | Noticed a slave
  2885 | D:4      | Killed a slave
  3114 | D:4      | Noticed a slave
  3138 | D:4      | Killed a slave
  3186 | D:4      | Found a radiant altar of Vehumet.
  3239 | D:4      | Reached XP level 6. HP: 47/47 MP: 9/9
  3299 | D:4      | Noticed a slave
  3299 | D:4      | Noticed a slave
  3317 | D:4      | Killed a slave
  3405 | D:4      | Found an opulent altar of Gozag.
  3405 | D:4      | Noticed Pikel
  3430 | D:4      | Killed a slave
  3534 | D:4      | Reached skill level 6 in Polearms
  4097 | D:4      | Paralysed by Pikel for 7 turns
  4107 | D:4      | Killed Pikel
  4107 | D:4      | Reached skill level 7 in Polearms
  4107 | D:4      | Reached skill level 5 in Invocations
  4107 | D:4      | Reached skill level 4 in Evocations
  4107 | D:4      | Reached XP level 7. HP: 52/52 MP: 11/11
  4140 | D:5      | Entered Level 5 of the Dungeon
  4172 | D:5      | Reached skill level 8 in Polearms
  4172 | D:5      | Reached skill level 6 in Invocations
  4300 | D:5      | Found Meotaacvu's Gadget Emporium.
  4402 | D:5      | Reached XP level 8. HP: 56/58 MP: 12/12
  4498 | D:5      | Found an iron altar of Okawaru.
  4565 | D:5      | Reached **** piety under Lugonu
  4918 | D:5      | Reached skill level 9 in Polearms
  5025 | D:5      | Reached skill level 7 in Invocations
  5055 | D:5      | Found a shattered altar of Ashenzari.
  5634 | D:6      | Reached skill level 10 in Polearms
  5679 | D:6      | Found a glowing drain.
  5692 | D:6      | Reached skill level 1 in Throwing
  5730 | Sewer    | Entered a sewer
  5948 | Sewer    | Found a glowing silver altar of Zin.
  6004 | D:6      | Reached XP level 9. HP: 64/64 MP: 14/14
  6010 | D:6      | Reached skill level 2 in Throwing
  6010 | D:6      | Reached skill level 8 in Invocations
  6036 | D:6      | Found a basalt altar of Yredelemnul.
  6073 | D:6      | Got a pitted marble ring
  6075 | D:6      | Identified the ring "Teme" {MR+ AC+1 Dex+2} (You found it
                  | on level 6 of the Dungeon)
  6802 | D:7      | Reached skill level 3 in Throwing
  6872 | D:7      | Reached skill level 11 in Polearms
  7074 | D:7      | Reached ***** piety under Lugonu
  7537 | D:7      | Found a glowing golden altar of the Shining One.
  7551 | D:7      | Reached skill level 4 in Throwing
  7618 | D:7      | Reached skill level 9 in Invocations
  7989 | D:7      | Found a staircase to the Ecumenical Temple.
  8021 | D:7      | Found a shadowy altar of Dithmenos.
  8347 | D:8      | Found a stormy altar of Qazlal.
  8404 | D:8      | Found a glowing silver altar of Zin.
  8437 | D:8      | Reached skill level 12 in Polearms
  8515 | D:8      | Reached XP level 10. HP: 44/68 MP: 17/17
  8624 | D:8      | Reached skill level 5 in Throwing
  8969 | D:8      | Reached skill level 10 in Invocations
  9000 | D:8      | Reached skill level 13 in Polearms
  9092 | D:8      | Noticed a three-headed hydra
  9098 | D:8      | Killed a one-headed hydra
  9563 | D:8      | Found a roughly hewn altar of Beogh.
  9732 | D:8      | Reached skill level 11 in Invocations
  9848 | D:8      | Found an ancient bone altar of Kikubaaqudgha.
  9941 | D:8      | Found the +9 heavy crossbow "Sniper" {velocity, Acc+∞ SInv}
 10915 | D:9      | Noticed Psyche
 10918 | D:9      | Killed Psyche
 10918 | D:9      | Reached skill level 4 in Fighting
 10918 | D:9      | Reached skill level 14 in Polearms
 10918 | D:9      | Reached XP level 11. HP: 72/75 MP: 19/19
 10959 | D:9      | Found a sacrificial altar of Ru.
 10995 | D:9      | Reached ****** piety under Lugonu
 11575 | D:9      | Got a sparkling lead ring
 11577 | D:9      | Identified the ring "Pawasamn" {MR+ Int+3} (You found it on
                  | level 9 of the Dungeon)
 11598 | D:10     | Entered Level 10 of the Dungeon
 11601 | D:10     | Reached skill level 5 in Evocations
 11711 | D:10     | Found Biezxy's Antique Armour Shop.
 11985 | D:10     | Noticed a two-headed ogre
 11989 | D:10     | Mangled by a two-headed ogre

Levels and vault maps discovered:
D:1:      nicolae_arrival_memento_mori, layout_loops_cross
D:2:      layout_rooms, lemuel_blue_sif_altar, eat_drink_and_be_merry_uskayaw,
          chequers_ecumenical_altar_simple, first_ration
D:3:      layout_basic, uniq_robin
D:4:      layout_basic, grunt_gozag_statues, lemuel_round_altar, uniq_pikel
D:5:      layout_basic, evilmike_ruin_ashenzari, okawaru_trees_1, serial_shops,
          shop
D:6:      layout_basic, overflow_temple_1_default, portal_sewer_entry_a
D:7:      layout_layer_cave, grunt_dithmenos_smoke_and_mirrors,
          overflow_temple_1_default, minmay_temple_entry_arrows
D:8:      layout_loops_ring, lemuel_zombie_altar_kikubaaqudgha,
          lemuel_round_altar, grunt_qazlal_sundering, special_room
          [special_room_orc], hangedman_ranch [blue_anna_fruit_fields]
D:9:      layout_grid_maze, kennysheep_little_box, uniq_psyche
D:10:     layout_long_grid, serial_shops, shop_statue, item_on_display_b

Skill      XL: |  1  2  3  4  5  6  7  8  9 10 11 |
---------------+----------------------------------+-----
Polearms       | 4 5 7 8 10 12 14 | 14.2
Invocations    | 3 4 5 6 7 9 11 | 11.2
Evocations     | 1 2 4 5 |  5.1
Throwing       | 1 4 5 |  5.8
Fighting       | 4 |  4.5
Crossbows      | |  0.9
Armour         | |  0.6
Dodging        | |  2.6

Action                   |  1- 3 |  4- 6 |  7- 9 | 10-12 || total
-------------------------+-------+-------+-------+-------++-------
Melee: Spear             |   130 |   278 |   686 |   426 ||  1520
       Tailslap          |       |       |     2 |       ||     2
       Hand axe          |       |       |       |     4 ||     4
 Fire: Heavy crossbow    |       |       |       |    49 ||    49
Throw: Dart              |       |     3 |    15 |     4 ||    22
 Abil: Evoke Berserk Rag |     1 |     8 |     9 |     7 ||    25
Evoke: Wand              |       |       |     2 |       ||     2
  Use: Scroll            |       |       |     6 |     4 ||    10
 Stab: Sleeping          |     1 |     4 |       |       ||     5
       Distracted        |       |       |       |     3 ||     3
  Eat: Chunk             |       |    14 |    23 |    19 ||    56
       Ration            |       |     1 |       |       ||     1
Armor: Leather armour    |    40 |    41 |    97 |    48 ||   226
Dodge: Dodged            |    63 |   112 |   219 |   108 ||   502

Table legend:
 A = Non-vault XP
 B = Vault XP
 C = Vault XP percentage of total XP
 D = Non-vault monster count
 E = Vault monster count
 F = Vault count percentage of total count
                 A         B        C        D         E       F
            +---------+---------+-------+---------+---------+-------
      Total |    6985 |    3811 |  35.3 |     243 |      60 |  19.8
            +---------+---------+-------+---------+---------+-------
        D:1 |      63 |       0 |   0.0 |      31 |       0 |   0.0
        D:2 |      61 |       0 |   0.0 |      18 |       0 |   0.0
        D:3 |      92 |      30 |  24.6 |      26 |      10 |  27.8
        D:4 |     155 |     673 |  81.3 |      13 |       1 |   7.1
        D:5 |    1116 |       0 |   0.0 |      38 |       0 |   0.0
        D:6 |     745 |      14 |   1.8 |      17 |       2 |  10.5
        D:7 |    1473 |       0 |   0.0 |      39 |       0 |   0.0
        D:8 |    1452 |    2557 |  63.8 |      22 |      36 |  62.1
        D:9 |     906 |     424 |  31.9 |      27 |       1 |   3.6
       D:10 |     922 |       0 |   0.0 |      12 |       0 |   0.0
      Sewer |       0 |     113 | 100.0 |       0 |      10 | 100.0
            +---------+---------+-------+---------+---------+-------
